[Event "Titled Tuesday Blitz July 13 2021"]
[White "Solon, Nathan"]
[Black "Khusnutdinov, Rustam"]
[WhiteFideId "2017229"]
[BlackFideId "13701703"]
[WhiteElo "2644"]
[BlackElo "2571"]
[Result "0-1"]
[Round "10"]
[TimeControl "180+1"]
[Date "2021.07.13"]
[WhiteClock "0:01:11"]
[BlackClock "0:01:49"]

1. d4 d5 2. c4 e6 3. Nf3 a6 4. e3 Nf6 5. Nbd2 c5 6. cxd5 exd5 7. Be2 Nc6 8. dxc5 Bxc5 9. O-O O-O 10. Nb3 Ba7 11. Bd2 Ne4 12. Rc1 Qf6 13. Bc3 Qg6 14. g3 Bh3 15. Re1 Bxe3 16. fxe3 Nxg3 17. Nh4 Nxe2+ 18. Kf2 Nxc3 19. Rxc3 Qg5 0-1


[Site "https://www.chess.com"]

[Event "Titled Tuesday Blitz July 13 2021"]
[White "Stepak, Yedael"]
[Black "Senthil Maran K"]
[WhiteFideId "2800454"]
[BlackFideId "25035681"]
[WhiteElo "2146"]
[BlackElo "2194"]
[Result "0-1"]
[Round "10"]
[TimeControl "180+1"]
[Date "2021.07.13"]
[WhiteClock "0:00:02"]
[BlackClock "0:00:13"]

1. d4 Nf6 2. c4 c5 3. d5 b5 4. cxb5 a6 5. b6 d6 6. Nc3 Nbd7 7. e4 Nxb6 8. Nf3 g6 9. Nd2 Bg7 10. a4 a5 11. Bb5+ Bd7 12. Qe2 O-O 13. O-O Bxb5 14. Qxb5 Qc7 15. Qe2 Nfd7 16. Nb5 Qb7 17. f4 Rfb8 18. Nc3 c4 19. Nf3 Nc5 20. Be3 Nd3 21. Nd4 Nd7 22. Rab1 N7c5 23. Nc6 Rc8 24. Rfd1 Rxc6 25. dxc6 Qxc6 26. Nd5 Kf8 27. b3 e6 28. bxc4 exd5 29. cxd5 Qa6 30. e5 Kg8 31. Rb5 Nb4 32. Bxc5 dxc5 33. e6 fxe6 34. dxe6 Re8 35. Rd7 Qxe6 36. Qxe6+ Rxe6 37. Rb8+ Bf8 38. Rdd8 Rf6 39. g3 c4 40. Rbc8 Nc6 41. Rxf8+ Rxf8 42. Rxc6 Rb8 43. Rxc4 Rb4 44. Rc8+ Kg7 45. Rc7+ Kh6 46. Ra7 Rxa4 47. Kg2 Ra2+ 48. Kh3 a4 49. g4 g5 50. f5 a3 51. Kg3 Ra1 52. f6 Kg6 53. f7 Kg7 54. Kg2 Kf8 55. h3 h6 56. Kh2 Kg7 57. Kg2 Ra2+ 58. Kg1 Kf8 59. Kh1 Kg7 60. Kg1 Ra1+ 61. Kg2 Kf8 62. Kh2 Ra2+ 63. Kg1 Rb2 64. Ra8+ Kxf7 65. Rxa3 Ke6 66. Rf3 Ke5 67. Rf5+ Ke4 68. Rf6 Ke3 69. Rxh6 Kf3 0-1


[Site "https://www.chess.com"]

[Event "Titled Tuesday Blitz July 13 2021"]
[White "Stocek, Jiri"]
[Black "Maly, Alexey"]
[WhiteFideId "304760"]
[BlackFideId "14103184"]
[WhiteElo "2409"]
[BlackElo "2285"]
[Result "1-0"]
[Round "10"]
[TimeControl "180+1"]
[Date "2021.07.13"]
[WhiteClock "0:00:48"]
[BlackClock "0:00:43"]

1. d4 d5 2. Nf3 Nf6 3. Bg5 Nbd7 4. e3 g6 5. c4 Bg7 6. Nc3 c6 7. Qb3 e6 8. Rc1 O-O 9. Be2 b6 10. O-O Bb7 11. Rfd1 Rc8 12. h3 h6 13. Bf4 Qe7 14. Qa4 a6 15. Qc2 Rfd8 16. e4 dxe4 17. Nxe4 Nxe4 18. Qxe4 Nf6 19. Qe3 c5 20. d5 Re8 21. d6 Qd8 22. Bxh6 Bxh6 23. Qxh6 Bxf3 24. Bxf3 Nd7 25. Bb7 Rb8 26. Bxa6 Ra8 27. Bb5 Rxa2 28. Rc3 Rxb2 29. Rg3 Rf8 30. Bxd7 Qxd7 31. Rg4 Ra2 32. Rh4 f6 33. Qh8+ Kf7 34. Rh7+ Ke8 35. Qxf8+ Kxf8 36. Rxd7 1-0


[Site "https://www.chess.com"]

[Event "Titled Tuesday Blitz July 13 2021"]
[White "Stribuk, Artiom"]
[Black "Boidiya, Sidi"]
[WhiteFideId "13515659"]
[BlackFideId "19600100"]
[WhiteElo "2224"]
[BlackElo "2113"]
[Result "1-0"]
[Round "10"]
[TimeControl "180+1"]
[Date "2021.07.13"]
[WhiteClock "0:00:09"]
[BlackClock "0:01:06"]

1. d4 d5 2. c4 e5 3. dxe5 d4 4. Nf3 Nc6 5. a3 Bg4 6. Nbd2 Qe7 7. h3 Bh5 8. g4 Bg6 9. Bg2 O-O-O 10. b4 Nxe5 11. Nxe5 Qxe5 12. Bb2 Qe6 13. Qb3 Nf6 14. c5 Qxb3 15. Nxb3 d3 16. O-O-O Be7 17. e3 Ne4 18. Rhf1 Bf6 19. Bxf6 gxf6 20. Bxe4 Bxe4 21. f3 Bg6 22. e4 h5 23. Nd2 hxg4 24. hxg4 Rd4 25. Kb2 b6 26. Kc3 Rhd8 27. Nb3 R4d7 28. Rd2 Kb7 29. Rfd1 Kc6 30. Rxd3 Rxd3+ 31. Rxd3 Rxd3+ 32. Kxd3 Kb5 33. Kc3 Bh7 34. cxb6 axb6 35. Nd4+ Ka4 36. Kb2 f5 37. gxf5 f6 38. f4 Bg8 39. e5 c5 40. bxc5 bxc5 41. Ne6 Kb5 42. exf6 Kc6 43. Ng5 Kd7 44. f7 Bxf7 45. Nxf7 Ke7 46. Ne5 Kf6 47. Kc3 Kxf5 48. Nd3 Ke4 49. Kc4 Ke3 50. a4 1-0


[Site "https://www.chess.com"]

[Event "Titled Tuesday Blitz July 13 2021"]
[White "Sydoryka, Vladyslav"]
[Black "McDonald, Mike"]
[WhiteFideId "14145928"]
[BlackFideId "2635682"]
[WhiteElo "2200"]
[BlackElo "2426"]
[Result "0-1"]
[Round "10"]
[TimeControl "180+1"]
[Date "2021.07.13"]
[WhiteClock "0:01:09"]
[BlackClock "0:00:31"]

1. Nf3 Nf6 2. g3 g6 3. Bg2 Bg7 4. O-O O-O 5. c4 d6 6. Nc3 c5 7. Rb1 Nc6 8. a3 Bd7 9. b4 cxb4 10. axb4 a6 11. d3 Qc7 12. b5 axb5 13. Nxb5 Qc8 14. Bd2 Bh3 15. Qc1 Bxg2 16. Kxg2 Rd8 17. Bh6 Bh8 18. Qc2 d5 19. cxd5 Rxd5 20. h4 Qd7 21. Rfc1 Rc8 22. Qa4 Ng4 23. Bf4 Nge5 24. Bxe5 Nxe5 25. Rxc8+ Qxc8 26. Nxe5 Bxe5 27. Na3 Bd4 28. Nc4 Kg7 29. Na5 Qa8 30. Ra1 Bxa1 31. Qxa1+ f6 32. Nb3 Qxa1 33. Nxa1 Rb5 34. Nc2 Rb2 35. Nd4 b5 36. Kf3 e5 37. Ne6+ Kf7 38. Nc5 Rc2 39. Nb3 Rc3 40. Nd2 b4 41. Ke3 b3 42. Nc4 Rxc4 43. dxc4 b2 0-1


[Site "https://www.chess.com"]

[Event "Titled Tuesday Blitz July 13 2021"]
[White "Terry, Renato"]
[Black "Holt, Conrad"]
[WhiteFideId "3803457"]
[BlackFideId "2034387"]
[WhiteElo "2581"]
[BlackElo "2586"]
[Result "1/2-1/2"]
[Round "10"]
[TimeControl "180+1"]
[Date "2021.07.13"]
[WhiteClock "0:00:07"]
[BlackClock "0:00:11"]

1. d4 d5 2. Bg5 h6 3. Bh4 Nf6 4. Bxf6 exf6 5. e3 Be6 6. g3 c5 7. c3 Qb6 8. Qb3 Nc6 9. Nd2 Bd6 10. Ne2 O-O 11. Bg2 c4 12. Qxb6 axb6 13. a3 b5 14. Rc1 Rfe8 15. O-O Ne7 16. e4 Nc8 17. Rfe1 Nb6 18. f4 f5 19. e5 Be7 20. Nf1 g5 21. fxg5 Bxg5 22. Nf4 Kh7 23. Ne3 Bxf4 24. gxf4 Rg8 25. Kf2 Rg6 26. Bh3 Rag8 27. Rg1 Rxg1 28. Rxg1 Rxg1 29. Kxg1 Kg6 30. Kf2 Na4 31. Nd1 f6 32. Ke3 Kf7 33. Kd2 Ke7 34. Kc2 Kf7 35. Ne3 Kg6 36. Kc1 Nb6 37. Bg2 Na4 38. Kc2 fxe5 39. dxe5 Nb6 40. Kd2 Kf7 41. Nc2 Na4 42. Nd4 Nxb2 43. Nxb5 Ke7 44. Nd4 Na4 45. Bh3 Nc5 46. Bxf5 Bf7 47. Bc2 Bh5 48. Ke3 Nd7 49. Nf5+ Kf8 50. Nxh6 Nc5 51. Nf5 Ne6 52. Nd4 Nc5 53. f5 Be8 54. f6 Nd7 55. e6 Nxf6 56. Kf4 Ke7 57. Ke5 Ng4+ 58. Kxd5 Ne3+ 59. Ke5 Ng4+ 60. Kf4 Nxh2 61. Be4 b6 62. Bg2 Bh5 63. Kg3 Ng4 64. Kf4 Nf2 65. Ke5 Nd3+ 66. Kf5 Nb2 67. Nc6+ Kd6 68. Nd4 Be8 69. Kf6 Na4 70. Nf5+ Kc5 71. Ng7 Bb5 72. e7 Nxc3 73. Bf3 Nd5+ 74. Bxd5 Kxd5 75. Ne6 Bd7 76. Nf4+ Kd4 77. Ne6+ Ke3 78. Nf8 Be8 79. Ke6 c3 80. Nd7 c2 81. Nf6 Bc6 82. Kd6 Ba4 83. Nd5+ Kd2 84. Nxb6 c1=Q 85. Nxa4 Qxa3+ 86. Nc5 Qg3+ 87. Kd7 Qg4+ 88. Ne6 Qa4+ 89. Kd8 Qa8+ 90. Kd7 Qd5+ 91. Ke8 Qxe6 92. Kf8 Qf6+ 93. Ke8 Ke3 94. Kd7 Qd4+ 95. Ke6 Qe4+ 96. Kf7 Qf5+ 97. Kg7 Qe6 98. Kf8 Qf6+ 99. Kg8 Ke4 100. e8=Q+ Kf5 101. Qf7 Kg5 102. Qxf6+ Kxf6 1/2-1/2


[Site "https://www.chess.com"]

[Event "Titled Tuesday Blitz July 13 2021"]
[White "Tikhonov, Viacheslav"]
[Black "Sviridova, Vlada"]
[WhiteFideId "44196407"]
[BlackFideId "24109606"]
[WhiteElo "1773"]
[BlackElo "2101"]
[Result "1-0"]
[Round "10"]
[TimeControl "180+1"]
[Date "2021.07.13"]
[WhiteClock "0:00:58"]
[BlackClock "0:00:02"]

1. d4 d5 2. c4 c6 3. Nc3 Nf6 4. Nf3 dxc4 5. e4 b5 6. Be2 b4 7. Na4 Nxe4 8. Bxc4 e6 9. Qc2 Nf6 10. Bf4 Be7 11. Rc1 O-O 12. O-O Nd5 13. Bg3 Bb7 14. Bd3 h6 15. Ne5 Nd7 16. Nxc6 Bxc6 17. Qxc6 Rc8 18. Qa6 N7b6 19. Nc5 Bxc5 20. dxc5 Nd7 21. c6 N7b6 22. Bb1 Qf6 23. Qd3 g6 24. c7 Qxb2 25. h4 Qf6 26. h5 Kg7 27. hxg6 fxg6 28. Rfe1 Nd7 29. Rc6 Rfe8 30. Rd6 Re7 31. Rxd7 Rxd7 32. Be5 Kf7 33. Bxf6 Nxf6 34. Qxg6+ Ke7 35. Qg7+ Kd6 36. Qxf6 Rcxc7 37. Qxe6+ Kc5 38. Rc1+ Kb5 39. Bd3+ Ka5 40. Qa6# 1-0


[Site "https://www.chess.com"]

[Event "Titled Tuesday Blitz July 13 2021"]
[White "Tologon tegin, Semetei"]
[Black "Kavyev, Ruslan"]
[WhiteFideId "13800574"]
[BlackFideId "34110981"]
[WhiteElo "2224"]
[BlackElo "2172"]
[Result "1-0"]
[Round "10"]
[TimeControl "180+1"]
[Date "2021.07.13"]
[WhiteClock "0:00:50"]
[BlackClock "0:00:01"]

1. d4 Nf6 2. c4 g6 3. Nc3 Bg7 4. e4 d6 5. Nf3 O-O 6. Be2 e5 7. O-O Nc6 8. d5 Ne7 9. b4 Nh5 10. Re1 Nf4 11. Bf1 h6 12. a4 a5 13. bxa5 Rxa5 14. Nd2 f5 15. Nb3 Ra8 16. f3 g5 17. c5 Nfg6 18. cxd6 cxd6 19. Be3 f4 20. Bf2 h5 21. a5 g4 22. Bb6 Qe8 23. Nb5 gxf3 24. Qxf3 Bg4 25. Qf2 f3 26. g3 Qd7 27. Rec1 Rac8 28. Nc7 Bh3 29. Bb5 Qg4 30. Rc4 Nf4 31. Rc2 Neg6 32. Ne6 Rxc2 33. Qxc2 Nxe6 34. dxe6 Nf4 35. e7 Bg2 36. exf8=Q+ Bxf8 37. Kf2 Nh3+ 38. Ke1 f2+ 39. Bxf2 Bxe4 40. Bd3 Bd5 41. Rc1 Qf3 42. Bc4 Nxf2 43. Qxf2 1-0


[Site "https://www.chess.com"]

[Event "Titled Tuesday Blitz July 13 2021"]
[White "Tomb, Maroun"]
[Black "Aradhya, Garg"]
[WhiteFideId "5300398"]
[BlackFideId "25006746"]
[WhiteElo "2529"]
[BlackElo "2146"]
[Result "1-0"]
[Round "10"]
[TimeControl "180+1"]
[Date "2021.07.13"]
[WhiteClock "0:01:02"]
[BlackClock "0:00:50"]

1. e4 e5 2. Nf3 Nc6 3. Bb5 a6 4. Ba4 Nf6 5. d4 exd4 6. O-O Be7 7. e5 Ne4 8. Nxd4 O-O 9. Bf4 Nc5 10. Bb3 Nxd4 11. Qxd4 Ne6 12. Qd2 Nxf4 13. Qxf4 d5 14. Rd1 c6 15. c4 Be6 16. cxd5 cxd5 17. Nc3 d4 18. Rxd4 Qb6 19. Nd5 Bxd5 20. Rxd5 Rac8 21. Rad1 Rc7 22. h4 h5 23. g3 Qb4 24. Qxb4 Bxb4 25. Rd7 Ba5 26. Kg2 b5 27. f4 g6 28. Rxc7 Bxc7 29. Rd7 Bb6 30. Rd6 Bc5 31. Rxa6 Rd8 32. Rxg6+ Kf8 33. Rf6 Rd2+ 34. Kf3 Rxb2 35. Rxf7+ Ke8 36. Rb7 Rf2+ 37. Ke4 Re2+ 38. Kf5 b4 39. Ke6 Kd8 40. f5 Re3 41. f6 Rxg3 42. Kd5 Bf8 43. Rf7 Bh6 44. e6 Rd3+ 45. Kc4 Rh3 46. Ba4 Rxh4+ 47. Kd5 b3 48. e7+ Kc7 49. e8=Q+ Kb6 50. Qb5# 1-0


[Site "https://www.chess.com"]

[Event "Titled Tuesday Blitz July 13 2021"]
[White "Tomiello, Lucas Costamilan"]
[Black "Plotnikov, Pavel"]
[WhiteFideId "22701940"]
[BlackFideId "4170342"]
[WhiteElo "1945"]
[BlackElo "2298"]
[Result "1-0"]
[Round "10"]
[TimeControl "180+1"]
[Date "2021.07.13"]
[WhiteClock "0:01:29"]
[BlackClock "0:00:09"]

1. e4 c5 2. Nf3 d6 3. d4 cxd4 4. Nxd4 Nf6 5. Nc3 g6 6. Be3 Bg7 7. f3 O-O 8. Qd2 Nc6 9. Bc4 Bd7 10. Bb3 Rc8 11. O-O-O Ne5 12. Kb1 h5 13. Bh6 Bxh6 14. Qxh6 Rxc3 15. bxc3 Qa5 16. f4 Nxe4 17. fxe5 Nxc3+ 18. Ka1 d5 19. e6 Nxd1 20. Rxd1 Qc3+ 21. Kb1 Be8 22. exf7+ Bxf7 23. Nf3 Qg7 24. Qe3 e6 25. Ng5 Re8 26. h4 Re7 27. Rf1 d4 28. Qd3 1-0


[Site "https://www.chess.com"]

[Event "Titled Tuesday Blitz July 13 2021"]
[White "Torkkola, Henri"]
[Black "Ambartsumova, Karina"]
[WhiteFideId "507660"]
[BlackFideId "4166299"]
[WhiteElo "2137"]
[BlackElo "2262"]
[Result "1/2-1/2"]
[Round "10"]
[TimeControl "180+1"]
[Date "2021.07.13"]
[WhiteClock "0:00:03"]
[BlackClock "0:00:06"]

1. d4 Nf6 2. Bf4 d5 3. e3 e6 4. Nf3 Bd6 5. Nbd2 O-O 6. c3 c5 7. Ne5 b6 8. h4 Qc7 9. h5 Nfd7 10. Ndf3 f6 11. Nxd7 Nxd7 12. Bxd6 Qxd6 13. Bd3 e5 14. dxe5 Nxe5 15. Nxe5 Qxe5 16. Qf3 Be6 17. O-O-O a6 18. h6 g6 19. Bc2 b5 20. Rd2 a5 21. Rhd1 b4 22. e4 d4 23. cxd4 cxd4 24. Rxd4 Bxa2 25. Bb3+ Bxb3 26. Qxb3+ Kh8 27. f3 Qg5+ 28. Kb1 Qxh6 29. Rd7 Qh5 30. Rc7 Rac8 31. Qc4 Rxc7 32. Qxc7 Qe5 33. Qa7 Qh5 34. Rd7 b3 35. Rd1 Qe5 36. Qb7 a4 37. Qb4 Ra8 38. Rd5 Qc7 39. Qd2 Qc2+ 40. Qxc2 bxc2+ 41. Kxc2 Rc8+ 42. Kd2 Rb8 43. Kc1 Rb4 44. Ra5 Kg7 45. Ra6 h5 46. Kc2 g5 47. Kc3 Rb3+ 48. Kc2 Re3 49. Rxa4 Re2+ 50. Kc3 Rxg2 51. b4 h4 52. b5 h3 53. Ra1 Rg3 54. b6 Rxf3+ 55. Kc4 Rf2 56. Kc3 Rf3+ 57. Kc4 Rf2 58. Kc3 h2 59. b7 Ra2 60. b8=Q Rxa1 61. Qxh2 Ra3+ 62. Kb4 Ra7 63. Qf2 Re7 64. Kc5 Rxe4 65. Qb2 Re5+ 66. Kd6 Kg6 67. Qc2+ Kf7 68. Qa2+ Kg6 69. Qc2+ Kg7 70. Qa2 g4 71. Qg2 Rg5 72. Qg3 Kg6 73. Ke6 Re5+ 74. Kd6 Kg5 75. Qg2 Re8 76. Qd2+ Kg6 77. Qg2 f5 78. Qg3 Re4 79. Kd5 Kg5 80. Qd6 Re2 81. Qd8+ Kf4 82. Qd6+ Kf3 83. Qf6 f4 84. Qg5 g3 85. Kd4 Re4+ 86. Kd3 Re3+ 87. Kd2 g2 88. Qh5+ Kf2 89. Qh4+ Kf3 90. Qh5+ Ke4 91. Qe8+ Kf3 92. Qh5+ 1/2-1/2


[Site "https://www.chess.com"]

[Event "Titled Tuesday Blitz July 13 2021"]
[White "Vasquez Schroeder, Rodrigo"]
[Black "Pridorozhni, Aleksei"]
[WhiteFideId "3400042"]
[BlackFideId "4127870"]
[WhiteElo "2572"]
[BlackElo "2565"]
[Result "1-0"]
[Round "10"]
[TimeControl "180+1"]
[Date "2021.07.13"]
[WhiteClock "0:00:35"]
[BlackClock "0:00:32"]

1. e4 c5 2. Nf3 e6 3. d4 cxd4 4. Nxd4 Nf6 5. Nc3 Nc6 6. Ndb5 Bc5 7. Bf4 O-O 8. Bc7 Qe7 9. Bd6 Bxd6 10. Qxd6 Qd8 11. Qd2 d5 12. exd5 exd5 13. O-O-O Be6 14. f3 Rc8 15. Kb1 a6 16. Nd4 Qb6 17. Be2 Ne5 18. Rhe1 Nc4 19. Bxc4 Rxc4 20. Nce2 Rfc8 21. c3 Bd7 22. Ka1 Qd6 23. Qf4 Qxf4 24. Nxf4 b5 25. a3 a5 26. Nd3 Kf8 27. Ne5 R4c5 28. Nb3 R5c7 29. Nxd7+ Rxd7 30. Nxa5 d4 31. Rxd4 Rxd4 32. cxd4 Rc2 33. g4 Rxh2 34. Nb7 h5 35. Nd6 hxg4 36. fxg4 Rg2 37. Nxb5 Rxg4 38. a4 Nd5 39. Ka2 Rg3 40. Rc1 Nb4+ 41. Kb1 g5 42. a5 Rf3 43. d5 Nxd5 44. a6 g4 45. a7 Nb6 46. Rc6 Rf1+ 47. Ka2 Rf4 48. Rxb6 Ra4+ 49. Kb3 Rxa7 50. Nxa7 g3 51. Ra6 Ke7 52. Kc3 f5 53. Kd3 g2 54. Ra1 f4 55. Ke4 f3 56. Kxf3 Kd6 57. Kxg2 Kd5 58. Ra4 Kc5 59. b3 Kb6 60. Kf3 Kc5 61. Ke4 Kd6 62. Kd4 Ke6 63. Ra6+ Kf5 64. b4 Kg5 65. b5 Kf5 66. b6 Ke6 67. b7+ Kf5 68. b8=Q Kg4 69. Qg8+ Kf3 70. Rf6+ Ke2 71. Qg2+ Kd1 72. Rf1# 1-0


[Site "https://www.chess.com"]

[Event "Titled Tuesday Blitz July 13 2021"]
[White "Viskelis, Darius"]
[Black "Vlassov, Nikolai"]
[WhiteFideId "12800830"]
[BlackFideId "4103360"]
[WhiteElo "2006"]
[BlackElo "2407"]
[Result "0-1"]
[Round "10"]
[TimeControl "180+1"]
[Date "2021.07.13"]
[WhiteClock "0:00:29"]
[BlackClock "0:02:07"]

1. e4 Nc6 2. Nf3 d5 3. exd5 Qxd5 4. Nc3 Qa5 5. Bb5 Bd7 6. O-O a6 7. Ba4 Nf6 8. d4 O-O-O 9. a3 Qh5 10. Bf4 b5 11. Bb3 Bg4 12. d5 e5 13. Bg3 Nd4 14. Nxe5 Bxd1 15. Raxd1 Nxb3 16. cxb3 Bd6 17. f4 Ng4 18. Nc6 Ne3 0-1


[Site "https://www.chess.com"]

[Event "Titled Tuesday Blitz July 13 2021"]
[White "Vovk, Orest"]
[Black "Pert, Richard G"]
[WhiteFideId "14113490"]
[BlackFideId "404748"]
[WhiteElo "2203"]
[BlackElo "2441"]
[Result "1-0"]
[Round "10"]
[TimeControl "180+1"]
[Date "2021.07.13"]
[WhiteClock "0:00:15"]
[BlackClock "0:00:01"]

1. g4 e5 2. g5 Nc6 3. h4 d5 4. Bg2 Bc5 5. c4 dxc4 6. Bxc6+ bxc6 7. Qa4 Ne7 8. Qxc4 Bb6 9. d3 Be6 10. Qa4 O-O 11. Nc3 Nf5 12. Nf3 Nd4 13. Nxd4 exd4 14. Ne4 Bd5 15. f3 c5 16. b3 c6 17. Bd2 Rb8 18. h5 Bxe4 19. fxe4 Bc7 20. Qc4 Bg3+ 21. Kd1 Kh8 22. g6 f5 23. h6 f4 24. hxg7+ Kxg7 25. Rxh7+ Kxg6 26. Rxa7 Rh8 27. Qe6+ Qf6 28. Qg4+ Kh6 29. Qxg3 Rbg8 30. Qxf4+ Qxf4 31. Bxf4+ Kh5 32. Kd2 Kg4 33. Be5 Rh5 34. Rg1+ Kh3 35. Rxg8 c4 36. bxc4 c5 37. Rag7 Rh6 38. Rg3+ Kh4 39. Rg1 Rg6 40. Rh8+ 1-0


[Site "https://www.chess.com"]

[Event "Titled Tuesday Blitz July 13 2021"]
[White "Weinstein, Norman"]
[Black "Semcesen, Daniel"]
[WhiteFideId "2000466"]
[BlackFideId "1706993"]
[WhiteElo "2513"]
[BlackElo "2505"]
[Result "1-0"]
[Round "10"]
[TimeControl "180+1"]
[Date "2021.07.13"]
[WhiteClock "0:00:19"]
[BlackClock "0:00:10"]

1. e4 e5 2. Nf3 Nc6 3. Bb5 a6 4. Ba4 Nf6 5. O-O Be7 6. d4 exd4 7. Re1 O-O 8. e5 Nd5 9. Nxd4 Nxd4 10. Qxd4 Nb6 11. Bb3 d5 12. exd6 Bxd6 13. Bf4 Bxf4 14. Qxf4 Nd7 15. Nc3 Nc5 16. Rad1 Qf6 17. Qxf6 gxf6 18. Nd5 Nxb3 19. axb3 Kg7 20. Nxc7 Rb8 21. Re7 Bf5 22. c3 Rbd8 23. Rd4 Rxd4 24. cxd4 Rd8 25. d5 Kf8 26. Re3 Rd7 27. Rc3 Be4 28. Rc5 Ke7 29. f3 Bg6 30. Rc3 Kd8 31. Na8 Rxd5 32. Nb6 Rd1+ 33. Kf2 Rd2+ 34. Kg3 Rxb2 35. Nd5 Rc2 36. Re3 a5 37. Nxf6 b5 38. h4 a4 39. bxa4 bxa4 40. h5 Bf5 41. Re8+ Kc7 42. Ra8 Ra2 43. Kf4 Be6 44. Nxh7 Rxg2 45. Ng5 Ra2 46. Nxe6+ fxe6 47. h6 Kb7 48. Re8 Rh2 49. Kg5 a3 50. Rxe6 a2 51. Re1 Kc6 52. Kg6 Rg2+ 53. Kf7 Rf2 54. h7 Rxf3+ 55. Kg7 Rh3 56. h8=Q Rxh8 57. Kxh8 Kc5 58. Ra1 Kb4 59. Rxa2 Kb3 60. Rg2 1-0


[Site "https://www.chess.com"]

[Event "Titled Tuesday Blitz July 13 2021"]
[White "Wong, Yinn Long"]
[Black "AleksanderHnydiuk"]
[WhiteFideId "5707684"]
[WhiteElo "2016"]
[BlackElo "2612"]
[Result "1-0"]
[Round "10"]
[TimeControl "180+1"]
[Date "2021.07.13"]
[WhiteClock "0:00:20"]
[BlackClock "0:00:02"]

1. d4 Nf6 2. Bf4 e6 3. e3 c5 4. Nd2 b6 5. Ngf3 Bb7 6. Nc4 cxd4 7. exd4 d6 8. c3 Be7 9. Be2 O-O 10. O-O b5 11. Ne3 Qb6 12. h3 Nbd7 13. Bh2 a5 14. Nd2 Ne4 15. Bd3 Ndf6 16. Nxe4 Bxe4 17. Bxe4 Nxe4 18. d5 Bg5 19. Qg4 f5 20. Qe2 Bxe3 21. Qxe3 Qxe3 22. fxe3 e5 23. a4 Rab8 24. axb5 Rxb5 25. c4 Rc5 26. Ra4 Nd2 27. Rc1 Rb8 28. Rc2 Ne4 29. Kf1 Rb4 30. Rxb4 axb4 31. Ke2 Ra5 32. g4 g6 33. gxf5 gxf5 34. Bg1 Ra1 35. c5 dxc5 36. Bh2 Kf7 37. Bxe5 Ke7 38. Kd3 Kd7 39. Kc4 Rd1 40. Rg2 Rc1+ 41. Kb5 c4 42. Rg7+ Ke8 43. Kc6 c3 44. d6 1-0


[Site "https://www.chess.com"]

[Event "Titled Tuesday Blitz July 13 2021"]
[White "Yeletsky, Ivan"]
[Black "Carlsson, Ludvig"]
[WhiteFideId "24180327"]
[BlackFideId "1727010"]
[WhiteElo "2344"]
[BlackElo "2147"]
[Result "1-0"]
[Round "10"]
[TimeControl "180+1"]
[Date "2021.07.13"]
[WhiteClock "0:01:18"]
[BlackClock "0:00:24"]

1. d4 d5 2. c4 e6 3. Nf3 a6 4. g3 Bb4+ 5. Nc3 dxc4 6. Bg2 Ne7 7. O-O O-O 8. a3 Ba5 9. Ne5 Nbc6 10. Nxc4 Bxc3 11. bxc3 b6 12. e4 Bb7 13. a4 a5 14. Re1 Ng6 15. h4 Re8 16. h5 Nf8 17. h6 g6 18. e5 Rb8 19. Nd2 Nd7 20. Ne4 Qe7 21. Ba3 Qd8 22. Bc1 Qe7 23. Qd2 Na7 24. Ba3 Qd8 25. Qf4 Bxe4 26. Bxe4 c5 27. Rad1 Qe7 28. Rd2 Red8 29. Red1 Rbc8 30. Qe3 Re8 31. f4 Qf8 32. d5 exd5 33. Bxd5 Nf6 34. Ba2 Qxh6 35. Qf3 Nh5 36. Rd7 Rf8 37. Rxa7 Rcd8 38. Rdd7 Rxd7 39. Rxd7 Ng7 40. g4 Qh4 41. Rd1 Ne6 42. Kg2 g5 43. Bxe6 fxe6 44. Rh1 Rxf4 45. Qxf4 Qxh1+ 46. Kxh1 gxf4 47. Kg2 h5 48. gxh5 Kh7 49. Kf3 Kh6 50. Kg4 f3 51. Bc1+ Kg7 52. Be3 Kh7 53. Kxf3 Kg7 54. c4 Kh7 55. Kg4 Kg7 56. Kg5 Kf7 57. h6 Kg8 58. Kf6 Kh7 59. Kxe6 Kg8 60. Kd6 Kh7 61. Kc6 Kg8 62. Kxb6 Kh7 63. Kxa5 Kg8 64. Kb6 Kh7 65. a5 Kg8 66. a6 Kh7 67. a7 Kg8 68. a8=Q+ Kh7 69. Qb7+ Kg8 70. Qg7# 1-0


[Site "https://www.chess.com"]

[Event "Titled Tuesday Blitz July 13 2021"]
[White "Zhigalko, Sergei"]
[Black "Kukhmazov, Arsen"]
[WhiteFideId "13502956"]
[BlackFideId "24108260"]
[WhiteElo "2662"]
[BlackElo "2453"]
[Result "1-0"]
[Round "10"]
[TimeControl "180+1"]
[Date "2021.07.13"]
[WhiteClock "0:00:38"]
[BlackClock "0:00:31"]

1. e4 c6 2. d4 d5 3. e5 Bf5 4. Nf3 e6 5. Be2 Nd7 6. O-O f6 7. c4 fxe5 8. dxe5 Bc5 9. Nc3 Ne7 10. Na4 b6 11. a3 a5 12. Bd2 dxc4 13. Bxc4 Nd5 14. Nxc5 Nxc5 15. Nd4 Qd7 16. Qh5+ Bg6 17. Qg4 O-O 18. Rad1 Rae8 19. Bc1 a4 20. Rfe1 Ne4 21. Rxe4 Bxe4 22. Qxe4 1-0


[Site "https://www.chess.com"]

[Event "Titled Tuesday Blitz July 13 2021"]
[White "Zubov, Alexander"]
[Black "Gurevich, Dmitry"]
[WhiteFideId "14109409"]
[BlackFideId "2000407"]
[WhiteElo "2740"]
[BlackElo "2506"]
[Result "1-0"]
[Round "10"]
[TimeControl "180+1"]
[Date "2021.07.13"]
[WhiteClock "0:00:13"]
[BlackClock "0:00:01"]

1. d4 Nf6 2. Nf3 e6 3. c4 a6 4. Nc3 c5 5. e4 cxd4 6. Nxd4 Qc7 7. a3 Be7 8. Be3 O-O 9. Rc1 b6 10. g4 Bb7 11. f3 Nc6 12. b4 Rac8 13. Qd2 Ne5 14. g5 Nh5 15. Rc2 f6 16. gxf6 Bxf6 17. Be2 Bh4+ 18. Kd1 Nxc4 19. Bxc4 Qxc4 20. Nce2 Qxc2+ 21. Nxc2 d5 22. e5 a5 23. Ned4 axb4 24. axb4 Rc4 25. Nxe6 Re8 26. Ncd4 Ra8 27. Ke2 Ra3 28. Bg5 Bxg5 29. Nxg5 Rcc3 30. Ra1 Rxf3 31. Rxa3 Rxa3 32. Nge6 h6 33. Qc2 Rh3 34. Qg6 Rxh2+ 35. Ke1 Rh4 36. Nf5 Re4+ 37. Kd2 Rxe5 38. Nxh6+ Kh8 39. Nf7+ 1-0


[Site "https://www.chess.com"]

[Event "Titled Tuesday Blitz July 13 2021"]
[White "Zubritskiy, Artyom"]
[Black "Ghazarian, Kirk"]
[WhiteFideId "4181247"]
[BlackFideId "30908604"]
[WhiteElo "2559"]
[BlackElo "2003"]
[Result "1-0"]
[Round "10"]
[TimeControl "180+1"]
[Date "2021.07.13"]
[WhiteClock "0:00:05"]
[BlackClock "0:00:01"]

1. d4 Nf6 2. c4 g6 3. g3 Bg7 4. Bg2 O-O 5. Nc3 d6 6. Nf3 Bf5 7. Nh4 Bc8 8. O-O c6 9. Nf3 Bf5 10. Nh4 Be6 11. d5 cxd5 12. cxd5 Bd7 13. Be3 Na6 14. Rc1 b6 15. Nf3 Nc5 16. Nd4 Rc8 17. b4 Na6 18. a3 Ng4 19. Qd3 Nxe3 20. Qxe3 Rc4 21. Rfd1 Nb8 22. Ncb5 Bxb5 23. Nxb5 Rxc1 24. Rxc1 Qd7 25. Nd4 Bxd4 26. Qxd4 Rc8 27. Rc3 Rc7 28. Bh3 Qd8 29. e3 Nd7 30. Rxc7 Qxc7 31. Bxd7 Qxd7 32. Qc4 Qa4 33. Qc8+ Kg7 34. Qc3+ f6 35. Qd3 Kf7 36. Kg2 Ke8 37. h4 Kd7 38. g4 Kd8 39. Kg3 Qe8 40. Qe4 Qa4 41. Qd3 Qe8 42. f3 Qa4 43. h5 gxh5 44. gxh5 h6 45. Kg4 Qd7+ 46. Qf5 Qa4 47. Qd3 Qd7+ 48. Kh4 Qa4 49. f4 Qd7 50. b5 Qc7 51. Qh7 Qc1 52. Qxh6 Qh1+ 53. Kg4 Qg2+ 54. Kf5 Qxd5+ 55. Kg6 Qe4+ 56. Kg7 Qxe3 57. Qg6 f5 58. h6 Qd4+ 59. Kg8 Qd5+ 60. Qf7 1-0


[Site "https://www.chess.com"]

[Event "Titled Tuesday Blitz July 13 2021"]
[White "deribas12345"]
[Black "Pinto, Daniel"]
[BlackFideId "3303144"]
[WhiteElo "2515"]
[BlackElo "1936"]
[Result "1-0"]
[Round "10"]
[TimeControl "180+1"]
[Date "2021.07.13"]
[WhiteClock "0:01:54"]
[BlackClock "0:00:01"]

1. d4 Nf6 2. c4 g6 3. Nc3 Bg7 4. e4 d6 5. Nge2 O-O 6. Ng3 c5 7. d5 e6 8. Be2 exd5 9. cxd5 a6 10. a4 Re8 11. O-O Nbd7 12. f4 Qc7 13. Kh1 Rb8 14. e5 dxe5 15. f5 c4 16. d6 Qc6 17. fxg6 hxg6 18. Bg5 b5 19. axb5 axb5 20. Bf3 Qc5 21. Nge4 Qd4 22. Qe2 Qd3 23. Qf2 Bb7 24. Nxf6+ Nxf6 25. Bxb7 Rxb7 26. Bxf6 b4 27. Rad1 Qf5 28. d7 1-0


[Site "https://www.chess.com"]

[Event "Titled Tuesday Blitz July 13 2021"]
[White "harlem4brew"]
[Black "Shahade, Gregory"]
[BlackFideId "2009064"]
[WhiteElo "2432"]
[BlackElo "2693"]
[Result "0-1"]
[Round "10"]
[TimeControl "180+1"]
[Date "2021.07.13"]
[WhiteClock "0:01:10"]
[BlackClock "0:01:44"]

1. e4 e5 2. Nf3 Nc6 3. Bb5 a6 4. Ba4 Nf6 5. O-O Be7 6. Re1 b5 7. Bb3 O-O 8. h3 Bb7 9. c3 d5 10. exd5 Nxd5 11. Nxe5 Nxe5 12. Rxe5 Nf4 13. Qg4 Nd3 14. Rh5 Nxc1 15. Bc2 g6 16. Na3 Nd3 17. Nxb5 axb5 18. Rxb5 Bc6 19. Rb3 Nxf2 20. Kxf2 Qxd2+ 21. Qe2 Bc5+ 22. Kf1 Qf4+ 0-1


[Site "https://www.chess.com"]